 Dungeon Sprint DCSS version 0.17.0-27-g4a3f43e (webtiles) character file.

1071 oplop the Covert (level 8, 0/42 HPs)
             Began as a Spriggan Enchanter on Nov 21, 2015.
             Was a Follower of Dithmenos.
             Shot with an arrow by a centaur warrior (17 damage)
             ... in the Dungeon (Sprint I: "Red Sonja").
             The game lasted 00:03:12 (466 turns).

oplop the Covert (Spriggan Enchanter)                Turns: 466, Time: 00:03:13

Health: 0/42       AC:  3    Str:  4    XL:     8   Next: 7%
Magic:  22/22      EV: 23    Int: 18    God:    Dithmenos [*.....]
Gold:   62         SH:  0    Dex: 17    Spells: 5 memorised, 14 levels left

rFire  . . .     SeeInvis +     a - +1 dagger
rCold  . . .     Clarity  .     b - +1 robe
rNeg   . . .     SustAt   .     (shield restricted)
rPois  .         Gourm    .     (helmet restricted)
rElec  .         Spirit   .     (no cloak)
rCorr  .         Warding  .     (gloves unavailable)
rMut   .         NoTele   +     (boots unavailable)
MR     +....                    (no amulet)
Stlth  ++++......               (no ring)
                                (no ring)

@: wreathed by umbra, very quick, somewhat resistant to hostile enchantments,
stealthy
A: unfitting armour, see invisible, herbivore 3, speed 3, slow metabolism 2
a: Renounce Religion


You were in the Dungeon.
You worshipped Dithmenos.
Dithmenos was aware of your devotion.
You were not hungry.

You visited 1 branch You collected 405 gold pieces.
You spent 343 gold pieces at shops.

Inventory:

Hand Weapons
 a - a +1 dagger (weapon)
Armour
 b - a +1 robe (worn)
Scrolls
 j - 4 scrolls of blinking
 k - a scroll of remove curse {unknown}
 l - a scroll of recharging {unknown}
 m - a scroll of fog
Potions
 e - a potion of curing
 f - a potion of heal wounds
 g - a potion of haste
 h - 2 potions of magic
 i - a potion of berserk rage
Books
 c - a book of Maledictions

   Spells                             Type                      Level
   a - Corona                         Hexes                        1
   b - Ensorcelled Hibernation        Hexes/Ice                    2
   c - Confuse                        Hexes                        3
   d - Tukima's Dance                 Hexes                        3
   e - Dazzling Spray                 Conjuration/Hexes            3
Comestibles
 d - a bread ration


   Skills:
 + Level 4.9 Fighting
 + Level 8.7 Short Blades
 - Level 7.9 Dodging
 + Level 12.8 Stealth
 + Level 9.9 Spellcasting
 + Level 10.1 Hexes


You had 14 spell levels left.
You knew the following spells:

 Your Spells              Type           Power        Failure   Level  Hunger
a - Corona                Hex            #####..      1%          1    None
b - Ensorcelled Hibernat  Hex/Ice        ####..       1%          2    None
c - Confuse               Hex            #####...     1%          3    None
d - Tukima's Dance        Hex            #####...     1%          3    None
e - Dazzling Spray        Conj/Hex       ####....     2%          3    None


Dungeon Overview and Level Annotations

Branches:
Dungeon (1/1)

Altars:
Cheibriados
Dithmenos
Elyvilon
Fedhas
Gozag
Kikubaaqudgha
Makhleb
Nemelex Xobeh
Okawaru
Qazlal
Ru
Sif Muna
Trog
Vehumet
Xom
Yredelemnul
Zin
The Shining One
Jiyva

Shops:
D ?

Annotations:
D Sonja


Innate Abilities, Weirdness & Mutations

You are tiny and cannot use many weapons and most armour.
You have supernaturally acute eyesight.
You are a herbivore.
You cover ground extremely quickly.
You need consume almost no food.


Message History

You open the door.
Found a pair of gloves.
There is an open door here.
There is a deep blue altar of Sif Muna here.
You open the door.
Found a robe.
There is an open door here.
You enter the shallow water.
Moving in this stuff is going to be slow.
A centaur warrior comes into view.
Found 13 arrows of dispersal.
A centaur warrior comes into view.
The centaur warrior shouts! x2
The centaur warrior wields a shortbow.
The centaur warrior shoots an arrow.
The arrow hits you!!
Ouch! That really hurt!
You hear a splash.
The centaur warrior wields a longbow.
The centaur warrior shoots an arrow.
The arrow hits you!
You die...

########################
.#.)'..#)['..#__#..'..)#
.'..#.)'..#..'..'..#...##+#
.#####'#####'#__####)..+ss#
.####..#...#.####§§#####ss+
.#__####..##§#§§§§c# ##
.#_..__##'#§§§§≈@§§+
⌠#_.∩...'..§§#§§≈§c#
##_..._##_.#'##+####
#_____###+#[# ####### #.###
$.$


$K$ ##.## #+# You could see 2 centaur warriors.

Vanquished Creatures
  2 kobold demonologists (D)
  A slime creature (D)
  A yak (D)
  An ogre (D)
  Ijyb (D)
  A jelly (D)
  A giant eyeball (D)
8 creatures vanquished.

Vanquished Creatures (collateral kills)
  Sigmund (D)
1 creature vanquished.

Vanquished Creatures (others)
  A gargoyle (D)
1 creature vanquished.

Grand Total: 10 creatures vanquished

Notes
Turn   | Place    | Note
--------------------------------------------------------------
     0 | D        | oplop the Spriggan Enchanter began the quest for the Orb.
     0 | D        | Reached XP level 1. HP: 9/9 MP: 5/5
     1 | D        | Noticed Ijyb
    13 | D        | Killed Ijyb
    13 | D        | Reached skill level 6 in Stealth
    13 | D        | Reached XP level 2. HP: 8/13 MP: 5/8
    17 | D        | Learned a level 2 spell: Ensorcelled Hibernation
   115 | D        | Killed a gargoyle
   132 | D        | Noticed an ogre
   135 | D        | Killed an ogre
   135 | D        | Reached skill level 7 in Stealth
   135 | D        | Reached skill level 5 in Spellcasting
   135 | D        | Reached skill level 5 in Hexes
   135 | D        | Reached XP level 3. HP: 16/16 MP: 9/11
   135 | D        | Reached XP level 4. HP: 21/21 MP: 9/12
   140 | D        | Learned a level 3 spell: Confuse
   144 | D        | Learned a level 3 spell: Tukima's Dance
   166 | D        | Noticed Sigmund
   185 | D        | Killed Sigmund
   185 | D        | Reached skill level 5 in Short Blades
   185 | D        | Reached skill level 9 in Stealth
   185 | D        | Reached XP level 5. HP: 24/24 MP: 8/15
   243 | D        | Found a snail-covered altar of Cheibriados.
   243 | D        | Found a viscous altar of Jiyva.
   243 | D        | Found a shadowy altar of Dithmenos.
   243 | D        | Found a blossoming altar of Fedhas.
   243 | D        | Noticed a slime creature
   248 | D        | Killed a slime creature
   248 | D        | Reached skill level 10 in Stealth
   248 | D        | Reached XP level 6. HP: 28/32 MP: 10/18
   250 | D        | Became a worshipper of Dithmenos the Shadowed
   294 | D        | Found a deep blue altar of Sif Muna.
   294 | D        | Noticed a jelly
   296 | D        | Found a radiant altar of Vehumet.
   304 | D        | Killed a jelly
   324 | D        | Found Qutzi's Magic Scroll Emporium.
   324 | D        | Found a white marble altar of Elyvilon.
   324 | D        | Found a stormy altar of Qazlal.
   324 | D        | Found a basalt altar of Yredelemnul.
   324 | D        | Found an iron altar of Okawaru.
   324 | D        | Found a sparkling altar of Nemelex Xobeh.
   324 | D        | Found a shimmering altar of Xom.
   324 | D        | Found an ancient bone altar of Kikubaaqudgha.
   324 | D        | Noticed a yak
   325 | D        | Found a burning altar of Makhleb.
   325 | D        | Found a sacrificial altar of Ru.
   325 | D        | Found a glowing golden altar of the Shining One.
   325 | D        | Found an opulent altar of Gozag.
   325 | D        | Found a glowing silver altar of Zin.
   346 | D        | Killed a yak
   346 | D        | Reached skill level 11 in Stealth
   346 | D        | Reached XP level 7. HP: 36/36 MP: 11/20
   400 | D        | Found a bloodstained altar of Trog.
   404 | D        | Bought a scroll of fog for 28 gold pieces
   404 | D        | Bought 3 scrolls of blinking for 315 gold pieces
   421 | D        | Noticed a kobold demonologist
   422 | D        | Noticed a kobold demonologist
   424 | D        | Reached * piety under Dithmenos
   425 | D        | Killed a kobold demonologist
   425 | D        | Reached skill level 12 in Stealth
   427 | D        | Killed a kobold demonologist
   427 | D        | Reached skill level 10 in Hexes
   427 | D        | Reached XP level 8. HP: 39/42 MP: 20/22
   433 | D        | Noticed a demonic crawler
   433 | D        | Noticed a demonic crawler
   433 | D        | Noticed a demonic crawler
   433 | D        | Noticed a demonic crawler
   449 | D        | Learned a level 3 spell: Dazzling Spray
   454 | D        | Noticed Sonja
   465 | D        | Noticed a centaur warrior
   466 | D        | Noticed a centaur warrior
   466 | D        | Shot with an arrow by a centaur warrior

Action                   |  1- 3 |  4- 6 |  7- 9 || total
-------------------------+-------+-------+-------++-------
Melee: Dagger            |    10 |    25 |     3 ||    38
 Cast: Corona            |     1 |       |       ||     1
       Tukima's Dance    |       |     1 |       ||     1
       Confuse           |       |     6 |       ||     6
 Stab: Sleeping          |     2 |     1 |     3 ||     6
       Confused          |       |     3 |       ||     3
